 Dungeon Crawl Stone Soup version 0.22-a0-223-g0f5d773 (webtiles) character file.

65 mortelune the Chiller (level 3, 0/24 HPs)
             Began as a Demonspawn Ice Elementalist on Feb 18, 2018.
             Slain by a jackal (1 damage)
             ... on level 2 of the Dungeon.
             The game lasted 00:06:43 (2804 turns).

mortelune the Chiller (Demonspawn Ice Elementalist) Turns: 2804, Time: 00:06:43

Health: 0/24       AC:  2    Str:  8    XL:     3   Next: 94%
Magic:  0/7        EV: 12    Int: 17    God:
Gold:   167        SH:  0    Dex: 13    Spells: 1/7 levels left

rFire    . . .     SeeInvis .   c - +0 short sword
rCold    . . .     Gourm    .   (no shield)
rNeg     . . .     Faith    .   a - +0 robe
rPois    .         Spirit   .   (no helmet)
rElec    .         Reflect  .   (no cloak)
rCorr    .         Harm     .   (no gloves)
MR       .....                  (no boots)
Stlth    ++........             (no amulet)
HPRegen  0.08/turn              (no ring)
MPRegen  0.10/turn              (no ring)

@: very slightly contaminated
A: powered by death 1
a: no special abilities


You were on level 2 of the Dungeon.
You were not hungry.

You visited 1 branch of the dungeon, and saw 2 of its levels.

You collected 167 gold pieces.

Inventory:

Hand Weapons
 c - a +0 short sword (weapon)
Armour
 a - a +0 robe (worn)
Scrolls
 d - 3 scrolls of identify {unknown}
 e - a scroll of remove curse {unknown}
 h - 2 scrolls of teleportation {unknown}
 k - a scroll of enchant weapon {unknown}
 l - a scroll of fog {unknown}
Potions
 g - 2 potions of curing {unknown}
 i - a potion of flight {unknown}
 j - a potion of agility {unknown}
Comestibles
 b - 3 rations
 f - 3 chunks of flesh


   Skills:
 - Level 1.7 Dodging
 - Level 1.7 Stealth
 + Level 2.7 Spellcasting
 + Level 1.7 Conjurations
 * Level 3.6 Ice Magic


You had one spell level left.
You knew the following spells:

 Your Spells              Type           Power        Failure   Level  Hunger
a - Freeze                Ice            ##..         4%          1    #......
b - Throw Frost           Conj/Ice       ##....       9%          2    ##.....
c - Ozocubu's Armour      Chrm/Ice       #.......     26%         3    ###....


Dungeon Overview and Level Annotations

Branches:
Dungeon (2/15)

Altars:
Gozag


Innate Abilities, Weirdness & Mutations

You regenerate a little health from kills.


Message History

Press: ? - help, Shift-Dir - straight line, f/p - jackal
Aim: a jackal You freeze the jackal.
The jackal is almost dead.
The jackal misses you.
You miss the jackal.
The jackal is almost dead.
The jackal closely misses you. The jackal bites you.
* * * LOW HITPOINT WARNING * * *
You barely miss the jackal.
The jackal is almost dead.
The jackal bites you.
* * * LOW HITPOINT WARNING * * *
You closely miss the jackal.
The jackal is almost dead.
The jackal bites you.
* * * LOW HITPOINT WARNING * * *
The jackal completely misses you. The jackal bites you.
You die...

.......................
..................#....
#######........###..........
.............#.###..##......
#.....................#....
#######.....................#....
.....##>.........................
.....##..........................
.....#..........@###....##..<....
....†..........h.# #######.......
......#..........###### #......).
.....##...............###.#......
.....#####..####.####............
.....# ##..# #.####.####.......
..>..# #..## #..##..# ##......
###### #.## ###....## ####### ###
#.....##


You could see a jackal.

Vanquished Creatures
  Terence (D:2)
  A worm (D:2)
  3 dart slugs
  2 leopard geckos
  3 bats
  A giant cockroach (D:2)
  3 goblins
  5 hobgoblins
  2 jackals (D:2)
  3 kobolds
  A quokka (D:2)
  A ball python (D:2)
  2 frilled lizards
  3 rats
31 creatures vanquished.

Notes
Turn   | Place    | Note
-------+----------+-------------------------------------------
     0 | D:1      | mortelune the Demonspawn Ice Elementalist began the quest for the Orb.
     0 | D:1      | Reached XP level 1. HP: 13/13 MP: 3/3
   550 | D:1      | Reached skill level 3 in Ice Magic
   837 | D:1      | Gained mutation: You regenerate a little health from kills. [demonic ancestry]
   837 | D:1      | Reached XP level 2. HP: 15/19 MP: 3/5
   841 | D:1      | Learned a level 2 spell: Throw Frost
  1810 | D:2      | Noticed Terence
  2083 | D:2      | Reached XP level 3. HP: 24/24 MP: 1/6
  2235 | D:2      | Learned a level 3 spell: Ozocubu's Armour
  2362 | D:2      | Found an opulent altar of Gozag.
  2600 | D:2      | Killed Terence
  2803 | D:2      | HP: 1/24 [jackal (2)]
  2804 | D:2      | Slain by a jackal

Vault maps used:
D:1:      dpeg_arrival_arbitrary_a
D:2:      first_ration, nicolae_gozag_cash_rules_everything_around_me,
          uniq_terence

Skill      XL: |  1 |
---------------+----+-----
Ice Magic      | 3 |  3.6
Dodging        | |  1.7
Stealth        | |  1.7
Spellcasting   | |  2.7
Conjurations   | |  1.7

Action                   || total
-------------------------++-------
Melee: Short sword       ||    18
 Cast: Freeze            ||    50
       Throw Frost       ||    13
       Ozocubu's Armour  ||     1
  Eat: Chunk             ||     7
Armor: Robe              ||    10
Dodge: Dodged            ||    57

Table legend:
 A = Spawn XP
 B = Non-spawn XP
 C = Spawn XP percentage of total XP
 D = Spawn monster count
 E = Non-spawn monster count
 F = Spawn count percentage of total count
 G = Total turns spent on level
                    A         B        C        D         E        F      G
               +---------+---------+-------+---------+---------+-------+---------
         Total |       0 |      94 |   0.0 |       0 |      31 |   0.0 |  2804
               +---------+---------+-------+---------+---------+-------+---------
           D:1 |       0 |      27 |   0.0 |       0 |      14 |   0.0 |  1948
           D:2 |       0 |      67 |   0.0 |       0 |      17 |   0.0 |   856
               +---------+---------+-------+---------+---------+-------+---------
